 Seeded DCSS version 0.29-a0-22-gbf593b16ee (webtiles) character file.

Game seed: 10000000011 (custom seed)

10812 knot the Cleaver (level 11, -1/120 HPs)
             Began as a Demonspawn Berserker on Jan 30, 2022.
             Was an Elder of Trog.
             Slain by Grum (17 damage)
             ... on level 9 of the Dungeon.
             The game lasted 00:18:20 (10383 turns).

knot the Cleaver (Demonspawn Berserker)            Turns: 10383, Time: 00:18:20

Health: -1/120     AC: 19    Str: 18    XL:     11   Next: 41%
Magic:  11/11      EV: 11    Int: 16    God:    Trog [****..]
Gold:   1063       SH:  0    Dex: 13    Spells: 10/10 levels left

rFire   . . .      SeeInvis .   z - +11 executioner's axe of Agony {protect, Int+4}
rCold   . . .      Faith    .   (shield currently unavailable)
rNeg    . . .      Spirit   .   t - +0 acid dragon scales
rPois   .          Reflect  .   (no helmet)
rElec   .          Harm     .   m - +0 cloak
rCorr   +          Rampage  .   (no gloves)
Will    .....                   (no boots)
Stlth   ..........              (no amulet)
HPRegen 0.30/turn               i - +4 ring of protection
MPRegen 0.12/turn               (no ring)

@: berserking, under a protective aura, very quick
A: hooves 2, powered by death 2, demonic magic 1
a: Renounce Religion, Berserk, Trog's Hand, Brothers in Arms


You were on level 9 of the Dungeon.
You worshipped Trog.
Trog was greatly pleased with you.
You visited 1 branch of the dungeon, and saw 9 of its levels.
You also visited: Bailey.

You collected 1063 gold pieces.

Inventory:

Hand Weapons
 z - the +11 executioner's axe of Agony (weapon) {protect, Int+4}
   (You acquired it on level 5 of the Dungeon)

   It grants its wielder temporary protection when it strikes (+7 to AC).
   Int:       It affects your intelligence (+4).
Missiles
 d - 282 stones
 e - 18 boomerangs (quivered)
 j - 30 sling bullets
 p - 2 poisoned darts
 w - 2 atropa-tipped darts
 y - a curare-tipped dart
Armour
 m - a +0 cloak (worn)
 t - +0 acid dragon scales (worn)
Jewellery
 i - a +4 ring of protection (left hand)
Wands
 b - a wand of acid (10)
 x - a wand of flame (7)
 D - a wand of polymorph (5)
Scrolls
 a - a scroll of identify
 c - a scroll of holy word
 k - a scroll of fear
 n - 2 scrolls of enchant weapon
 s - 2 scrolls of enchant armour
 u - 2 scrolls of teleportation
 v - 3 scrolls of blinking
Potions
 f - a potion of heal wounds
 g - 2 potions of mutation
 h - 3 potions of resistance
 l - 2 potions of cancellation
 o - a potion of magic
 q - a potion of might
 A - a potion of attraction {unknown}
 B - 2 potions of lignification
Miscellaneous
 r - a box of beasts


   Skills:
 - Level 5.3 Fighting
 * Level 12.7 Axes
 * Level 10.1 Throwing
 - Level 4.3 Armour
 - Level 1.7 Dodging


You had 10 spell levels left.
You didn't know any spells.
Your spell library contained the following spells:

 Spells                   Type           Power      Damage    Failure   Level
 Foxfire                  Conj/Fire      0%         2x1d4     32%         1
 Ensorcelled Hibernation  Hex/Ice        0%         N/A       45%         2
 Passwall                 Tmut/Erth      0%         N/A       45%         2
 Conjure Flame            Conj/Fire      0%         6-21      69%         3
 Inner Flame              Hex/Fire       0%         N/A       69%         3
 Swiftness                Air            0%         N/A       69%         3
 Flame Wave               Conj/Fire      0%         2d4       97%         4


Dungeon Overview and Level Annotations

Branches:
Dungeon (9/15)             Temple (0/1) D:4          Bailey (visited)
   Lair: D:8-11         Orc: D:9-12

Altars:
Ashenzari
Elyvilon
Hepliaklqana
Okawaru
Wu Jian
Xom
Zin

Shops:
D:5 [

Annotations:
D:9 Grum


Innate Abilities, Weirdness & Mutations

You have hoof-like feet.
You regenerate health from kills.
Spells you cast may paralyse adjacent enemies.


Message History

The wolf is severely wounded.
You closely miss the wolf.
The wolf bites you but does no damage. x2
The wolf bites you. The wolf closely misses you.
Grum sniffs the air and quickly glances around.
Grum hits you but does no damage.
You miss the wolf.
The wolf is severely wounded.
You slice the wolf!!
You kill the wolf!
Trog accepts your kill. The wolf barely misses you.
The wolf closely misses you.
Grum hits you from afar with a +0 halberd of protection!
The wolf bites you but does no damage.
You slash the wolf!
You kill the wolf!
Trog accepts your kill.
Grum hits you from afar with a +0 halberd of protection!
Grum hits you but does no damage.
You slice Grum!!
Grum is severely wounded.
Grum barely misses you.
Grum hits you with a +0 halberd of protection!
You closely miss Grum. You kick Grum, but do no damage.
Grum is severely wounded.
Grum hits you with a +0 halberd of protection!
You hit Grum. Your kick misses Grum.
Grum is almost dead.
Grum closely misses you.
You barely miss Grum.
Grum is almost dead.
Grum hits you with a +0 halberd of protection!
* * * LOW HITPOINT WARNING * * *
A red film seems to cover your vision as you go berserk!
You feel yourself moving faster!
You feel mighty!
Grum hits you with a +0 halberd of protection.
* * * LOW HITPOINT WARNING * * *
You barely miss Grum. You kick Grum.
Grum is almost dead.
Grum hits you with a +0 halberd of protection!
You die...

##..# #<#
#...... #...#
+.# #......
#...# #.#
#..#### #...#
#.# #..#
#...# #.#
#..+ #...#
#.# #...###
#.....#
#...†@#
#.....g......
#......######
####...#
#...# #...#
#...# #...#


You could see Grum.

Vanquished Creatures
  An orc warlord (Bailey)
  An orc knight (Bailey)
  A gargoyle (D:6)
  A troll (D:8)
  Prince Ribbit (D:7)
  A wyvern (D:8)
  A fire bat (D:6)
  A steam dragon (D:9)
  Menkaure (D:7)
  A water moccasin (D:8)
  7 orc warriors
  3 sky beasts
  2 black bears
  A necrophage (D:7)
  3 wolves (D:9)
  A centaur (D:8)
  A kobold brigand (D:7)
  2 phantoms
  4 bullfrogs
  3 scorpions
  18 killer bees
  A wight (D:8)
  3 howler monkeys (D:9)
  A centaur zombie (D:8)
  A hound (D:5)
  2 jellies
  A centaur skeleton (D:4)
  A gnoll shaman (D:8)
  5 orc priests
  A bullfrog skeleton (D:6)
  An iguana (D:4)
  7 orc wizards
  2 killer bee zombies (D:8)
  2 hound skeletons (D:4)
  A howler monkey zombie (D:7)
  8 adders
  12 gnolls
  A shadow imp (D:7)
  3 white imps
  2 dart slugs
  24 orcs
  7 ball pythons
  8 endoplasms
  3 giant cockroaches
  11 goblins
  11 hobgoblins
  7 jackals (D:2)
  2 quokkas
  7 bats
  4 frilled lizards
  19 kobolds
  8 rats
221 creatures vanquished.

Notes
Turn   | Place    | Note
-------+----------+-------------------------------------------
     0 | D:1      | knot the Demonspawn Berserker began the quest for the Orb.
     0 | D:1      | Reached XP level 1. HP: 18/18 MP: 1/1
    48 | D:1      | Reached skill level 3 in Axes
   482 | D:1      | Gained mutation: You regenerate a little health from kills.
                  | [demonic ancestry]
   482 | D:1      | Reached XP level 2. HP: 20/24 MP: 2/2
  1028 | D:1      | Reached ** piety under Trog
  1072 | D:1      | Gained mutation: You have large cloven feet. [demonic
                  | ancestry]
  1072 | D:1      | Reached XP level 3. HP: 20/29 MP: 3/3
  1486 | D:2      | Found a faded altar of an unknown god.
  1491 | D:2      | Reached skill level 4 in Axes
  1824 | D:2      | Reached XP level 4. HP: 35/35 MP: 4/4
  2509 | D:3      | Found a broken altar of Ashenzari.
  2813 | D:3      | Reached skill level 5 in Axes
  3226 | D:4      | Noticed a scorpion
  3231 | D:4      | Reached XP level 5. HP: 41/41 MP: 5/5
  3241 | D:4      | Reached skill level 6 in Axes
  3460 | D:4      | Reached XP level 6. HP: 10/47 MP: 6/6
  3757 | D:4      | Identified the +8 hunting sling "Murmur" {freeze, rF- rC+++
                  | rN+++ Will-}
  3853 | D:4      | Noticed a sky beast
  3874 | D:4      | Killed a sky beast
  3875 | D:4      | Reached skill level 1 in Throwing
  3916 | D:4      | Found a staircase to the Ecumenical Temple.
  4173 | D:4      | Reached *** piety under Trog
  4398 | D:4      | Reached XP level 7. HP: 52/52 MP: 7/7
  4401 | D:4      | Reached skill level 7 in Axes
  4493 | D:4      | Found an ornate altar of the Wu Jian Council.
  4786 | D:5      | Entered Level 5 of the Dungeon
  5532 | D:5      | Found Qoullaryn's Antique Armour Emporium.
  5831 | D:5      | Identified a scroll of acquirement
  5831 | D:5      | Acquired the +11 executioner's axe of Agony {protect,
                  | Int+4}
  6604 | D:6      | Reached skill level 8 in Axes
  6604 | D:6      | Gained mutation: You regenerate health from kills. [demonic
                  | ancestry]
  6604 | D:6      | Reached XP level 8. HP: 58/58 MP: 8/8
  6758 | D:6      | Noticed Sigmund
  6759 | D:6      | Noticed Sigmund
  6759 | D:6      | Sigmund changed into Sigmund the rat
  6763 | D:6      | Killed Sigmund the rat
  6781 | D:6      | Noticed Maggie
  6782 | D:6      | Noticed Maggie
  6782 | D:6      | Maggie changed into Maggie the fire bat
  6791 | D:6      | Killed Maggie the fire bat
  7174 | D:6      | Reached skill level 5 in Throwing
  7282 | D:6      | Noticed a gargoyle
  7286 | D:6      | Killed a gargoyle
  7287 | D:6      | Reached skill level 9 in Axes
  7566 | D:7      | Gained mutation: You have hoof-like feet. [demonic
                  | ancestry]
  7566 | D:7      | Reached XP level 9. HP: 63/63 MP: 9/9
  7897 | D:7      | Found a flagged portal.
  7912 | Bailey   | Entered a bailey
  7917 | Bailey   | Noticed an orc warlord
  7952 | Bailey   | Reached **** piety under Trog
  7952 | Bailey   | Noticed an orc knight
  7964 | Bailey   | Killed an orc knight
  7965 | Bailey   | Reached skill level 10 in Axes
  8311 | Bailey   | Found a runed translucent gate.
  8312 | Bailey   | Found a runed translucent gate.
  8313 | Bailey   | Found a runed translucent gate.
  8429 | Bailey   | Killed an orc warlord
  8430 | Bailey   | Gained mutation: Spells you cast may paralyse adjacent
                  | enemies. [demonic ancestry]
  8430 | Bailey   | Reached XP level 10. HP: 70/70 MP: 10/10
  8455 | Bailey   | Reached skill level 5 in Fighting
  8455 | Bailey   | Reached skill level 12 in Axes
  8455 | Bailey   | Reached XP level 11. HP: 80/80 MP: 11/11
  8697 | D:7      | Noticed Menkaure
  8704 | D:7      | Killed Menkaure
  9140 | D:7      | Noticed Prince Ribbit
  9144 | D:7      | Killed Prince Ribbit
  9339 | D:7      | Found an iron altar of Okawaru.
  9655 | D:8      | Found a hazy altar of Hepliaklqana.
  9656 | D:8      | Found a shimmering altar of Xom.
  9883 | D:8      | Reached skill level 10 in Throwing
 10370 | D:9      | Noticed Grum
 10383 | D:9      | Slain by Grum

Illustrated notes

Levels and vault maps discovered:
D:1:      shiori_arrival_oz, layout_loops_ring, chequers_serial_rivers_micro_a,
          roderic_roman_lattice
D:2:      layout_basic, hellmonk_ecumenical_altar_dog_temple,
          kennysheep_big_empty_room
D:3:      layout_basic, nicolae_ashenzari_panopticon, grunt_decor_clamped
D:4:      layout_basic, mainiacjoe_overflow_surrounded_room,
          lemuel_crystal_altar, minmay_temple_entry_slanted, minmay_surrounded
D:5:      layout_basic, serial_shops, shop_statue
D:6:      layout_loops_ring, grunt_decor_arrowhead, minmay_three_doors,
          uniq_maggie, uniq_sigmund
D:7:      layout_loops_ring, amcnicky_altar_gilded,
          mainiacjoe_overflow_alcove_1, enter_bailey_7, uniq_prince_ribbit1,
          uniq_menkaure
D:8:      minmay_polygon_palace, layout_basic, regret_index_temple_of_mockery
D:9:      layout_irregular_city, uniq_grum

Skill      XL: |  1  2  3  4  5  6  7  8  9 10 11 |
---------------+----------------------------------+-----
Axes           | 3 4 5 6 8 9 10 12 | 12.7
Throwing       | 1 4 6 8 9 10 | 10.1
Fighting       | 5 |  5.3
Armour         | 4 |  4.3
Dodging        | |  1.7

Action                   |  1- 3 |  4- 6 |  7- 9 | 10-12 || total
-------------------------+-------+-------+-------+-------++-------
Melee: Hand axe          |   117 |   108 |    52 |       ||   277
       Punch             |     3 |     1 |       |       ||     4
       Kick              |    10 |    20 |    26 |    16 ||    72
       Executioner's axe |       |       |   104 |    93 ||   197
Throw: Dart              |       |     5 |       |       ||     5
       Boomerang         |       |    26 |    46 |    26 ||    98
Invok: Berserk           |     4 |     4 |     7 |     1 ||    16
       Trog's Hand       |       |     1 |     1 |       ||     2
       Brothers in Arms  |       |       |     1 |       ||     1
Evoke: Wand              |       |       |    16 |     1 ||    17
  Use: Scroll            |       |       |    18 |     1 ||    19
       Potion            |       |       |    12 |     1 ||    13
Armor: Ring mail         |    50 |    38 |    45 |       ||   133
       Acid dragon scale |       |       |    63 |    67 ||   130
Dodge: Dodged            |    78 |    58 |   109 |    81 ||   326

Table legend: (Time is in decaauts)
 A = Elapsed time spent in this place.
 B = Non-inter-level travel time spent in this place.
 C = Inter-level travel time spent in this place.
 D = Time resting spent in this place.
 E = Time spent auto-exploring this place.
 F = Levels seen in this place.
 G = Mean time per level.
                   A        B        C        D        E       F      G
               +--------+--------+--------+--------+--------+-----+--------+
         Total |  10605 |  10211 |    394 |   2380 |   6287 |  10 | 1060.5 |
       Dungeon |   9975 |   9581 |    394 |   2142 |   6096 |   9 | 1108.3 |
        Bailey |    630 |    630 |      0 |    237 |    191 |   1 |  630.0 |
               +--------+--------+--------+--------+--------+-----+--------+

Top non-repeatable levels by time:
     D:5: 1803 daAuts
     D:1: 1765 daAuts
     D:4: 1446 daAuts
     D:6: 1217 daAuts
     D:7: 1069 daAuts
     D:3: 855 daAuts
     D:2: 800 daAuts
     D:8: 752 daAuts
  Bailey: 630 daAuts
     D:9: 263 daAuts
